 Dungeon Crawl Stone Soup version 0.29.1-15-g9cfb28693d (webtiles) character file.

Game seed: 12347389528262085865

9965 Eitelfritz the Cruncher (level 11, -4/81 HPs)
             Began as a Demonspawn Fire Elementalist on Mar 10, 2023.
             Was a Believer of Vehumet.
             Slain by a two-headed ogre
             ... wielding a +0 giant club
              (33 damage)
             ... on level 11 of the Dungeon.
             The game lasted 00:44:03 (11935 turns).

Eitelfritz the Cruncher (DsFE)                     Turns: 11935, Time: 00:44:04

Health: -4/81      AC: 12    Str: 11    XL:     11   Next: 30%
Magic:  1/22       EV: 13    Int: 21    God:    Vehumet [**....]
Gold:   1760       SH:  0    Dex: 14    Spells: 1/25 levels left

rFire   + . .      SeeInvis .   a - +7 lajatang of the Orb {flame, Will+}
rCold   x . .      Faith    .   (shield currently unavailable)
rNeg    . . .      Spirit   .   O - +0 troll leather armour
rPois   .          Reflect  .   P - +2 hat {Int+3}
rElec   .          Harm     .   v - +0 cloak
rCorr   .          Rampage  .   d - +0 pair of gloves
Will    ++...                   K - +1 pair of boots
Stlth   ++........              A - amulet of regeneration
HPRegen 1.83/turn               z - ring of fire
MPRegen 0.18/turn               r - ring of willpower

@: no status effects
A: claws 1, icy blue scales 1, ignite blood 1, spiny 3
a: Renounce Religion


You were on level 11 of the Dungeon.
You worshipped Vehumet.
Vehumet was pleased with you.
You visited 2 branches of the dungeon, and saw 12 of its levels.

You collected 1789 gold pieces.
You spent 29 gold pieces at shops.

Inventory:

Hand Weapons
 a - the +7 lajatang of the Orb (weapon) {flame, Will+}
   (You acquired it on level 3 of the Dungeon)

   It burns those it strikes, dealing additional fire damage.
   Big, fiery blades are also staple armaments of hydra-hunters.
   Will:      It increases your willpower.
Missiles
 c - 3 curare-tipped darts (quivered)
 y - 10 poisoned darts
Armour
 d - a +0 pair of gloves (worn)
 e - the +3 warlock's mirror {reflect}
   (You acquired it on level 3 of the Dungeon)

   It can block and reflect piercing ranged attacks and magical attacks against
   the wielder's willpower.
 v - a +0 cloak (worn)
 K - a +1 pair of boots (worn)
 O - a +0 troll leather armour (worn)
 P - a +2 hat of intelligence (worn)
Magical Staves
 n - a staff of earth
 u - a staff of cold
Jewellery
 j - a ring of see invisible
 r - a ring of willpower (right hand)
 s - a +6 ring of dexterity
 z - a ring of fire (left hand)
 A - an amulet of regeneration (around neck)
 D - a +4 ring of evasion
 G - a +6 ring of strength
 R - a ring of flight
Wands
 B - a wand of roots (19)
 E - a wand of mindburst (3)
 J - a wand of paralysis (15)
 M - a wand of flame (26)
 Q - a wand of digging (4)
Scrolls
 g - 4 scrolls of torment
 i - 5 scrolls of teleportation
 l - 2 scrolls of amnesia
 m - 6 scrolls of fog
 o - 2 scrolls of magic mapping
 x - 2 scrolls of immolation
 I - a scroll of enchant weapon
 L - 2 scrolls of identify
 N - a scroll of brand weapon
Potions
 b - a potion of magic
 f - 2 potions of lignification
 h - 2 potions of haste
 k - 2 potions of mutation
 p - 2 potions of brilliance
 q - 3 potions of flight
 t - 8 potions of curing
 w - 2 potions of resistance
 C - 4 potions of invisibility
 F - a potion of heal wounds
 H - 3 potions of attraction


   Skills:
 + Level 5.7 Fighting
 + Level 8.4 Staves
 + Level 2.1 Armour
 + Level 5.6 Dodging
 + Level 4.1 Stealth
 + Level 0.1 Unarmed Combat
 + Level 7.6 Spellcasting
 + Level 4.8 Conjurations
 + Level 0.3 Translocations
 + Level 7.0 Fire Magic
 + Level 1.8 Air Magic
 + Level 0.3 Poison Magic


You had one spell level left.
You knew the following spells:

 Your Spells              Type           Power      Damage    Failure   Level
a - Foxfire               Conj/Fire      100%       2x1d9     1%          1
b - Scorch                Fire           100%       2d10      1%          2
c - Conjure Flame         Conj/Fire      49%        6-21      2%          3
d - Static Discharge      Conj/Air       22%        3-6/arc   4%          2
e - Flame Wave            Conj/Fire      49%        2d12      10%         4
f - Blink                 Tloc           18%        N/A       14%         2
g - Inner Flame           Hex/Fire       34%        N/A       8%          3
h - Shock                 Conj/Air       88%        1d8       2%          1
i - Poisonous Vapours     Pois/Air       24%        N/A       11%         2
j - Sticky Flame          Conj/Fire      49%        2d7       10%         4

Your spell library contained the following spells:

 Spells                   Type           Power      Damage    Failure   Level
 Sandblast                Erth           16%        2d6       11%         1
 Dazzling Flash           Conj/Hex       36%        N/A       12%         3
 Swiftness                Air            15%        N/A       16%         3
 Ensorcelled Hibernation  Hex/Ice        16%        N/A       17%         2
 Passwall                 Tmut/Erth      6%         N/A       17%         2
 Portal Projectile        Hex/Tloc       16%        N/A       30%         3
 Tukima's Dance           Hex            8%         N/A       32%         3
 Iskenderun's Mystic Bla  Conj/Tloc      18%        2d6       36%         4
 Corpse Rot               Necr/Pois/Air  11%        N/A       63%         4
 Dispel Undead            Necr           8%         3d8       73%         4
 Starburst                Conj/Fire      24%        6d8       82%         6
 Manifold Assault         Tloc           9%         N/A       95%         5
 Blade Hands              Tmut           4%         N/A       97%         5
 Storm Form               Tmut/Air       5%         N/A       100%        7


Dungeon Overview and Level Annotations

Branches:
Dungeon (11/15)            Temple (1/1) D:5            Lair (0/5) D:10
    Orc (0/2) D:10

Altars:
Ashenzari
Cheibriados
Dithmenos
Fedhas
Gozag
Hepliaklqana
Kikubaaqudgha
Makhleb
Nemelex Xobeh
Okawaru
Qazlal
Ru
Sif Muna
Trog
Uskayaw
Vehumet
Wu Jian
Xom
Yredelemnul

Shops:
D:8 *   D:9 (   D:10 *


Innate Abilities, Weirdness & Mutations

You have sharp fingernails.
You are partially covered in icy blue scales. (AC +2)
Your demonic aura sometimes causes spilled blood to erupt in flames.
You are completely covered in sharp spines.


Message History

The boulder beetle burns!
The boulder beetle is engulfed in blazing flames.
The boulder beetle is struck by your spines.
The boulder beetle closely misses you.
A wave of flame ripples out!
The flame wave engulfs the two-headed ogre!
The two-headed ogre is moderately wounded.
The flame wave engulfs the boulder beetle!
The boulder beetle is burned terribly!
The boulder beetle is heavily wounded.
The flame wave engulfs the orc wizard!
You kill the orc wizard!
Vehumet accepts your kill.
The boulder beetle burns!
The boulder beetle is engulfed in blazing flames.
The boulder beetle bites you!
The two-headed ogre is struck by your spines.
The two-headed ogre misses you. The two-headed ogre closely misses you.
A wave of flame ripples out!
The flame wave engulfs the two-headed ogre.
The two-headed ogre is heavily wounded.
The flame wave engulfs the boulder beetle.
The boulder beetle is burned terribly!
The boulder beetle is almost dead.
You finish channelling waves of flame.
The boulder beetle burns!
You kill the boulder beetle!
Vehumet accepts your kill.
You feel your power returning.
An orc warrior comes into view. It is wielding a +0 short sword.
Your Armour skill increases to level 2!
Your Fire Magic skill increases to level 7!
Casting: Flame Wave (dangerous; 10% risk of failure)
Confirm with . or Enter, or press ? or * to list all spells.
You don't have enough magic to cast this spell.
Unknown command.
Unknown command.
You completely miss the two-headed ogre.
The two-headed ogre is heavily wounded.
The two-headed ogre hits you with a +0 giant club!!
You die...

#.......## ##.##..
##.....## #####.##
##..)## #....## ##'##
#...## #.# #.<.#
###.#######...##
#.|.......#....##
#○...###..###.#.##
#@O...##.)# #.##..
#.†..###..# #.#### #
#)#)####..###.#
....####....o°O......#
#..............######
################


You could see a two-headed ogre and an orc warrior.

Vanquished Creatures
  Gastronok (D:10)
  A boulder beetle (D:11)
  2 two-headed ogres
  A komodo dragon (D:10)
  A troll (D:10)
  A wyvern (D:10)
  6 yaks
  Grum (D:9)
  3 steam dragons
  A water moccasin (D:6)
  3 black bears
  7 orc warriors
  2 sky beasts (D:7)
  3 ice beasts
  2 ogres
  4 wolves (D:9)
  5 centaurs
  2 phantoms
  2 kobold brigands
  2 bullfrogs (D:8)
  3 necrophages
  A scorpion (D:6)
  5 wights
  6 killer bees (D:10)
  4 howler monkeys
  An iron imp (D:8)
  4 hounds
  3 jellies
  8 orc priests
  3 gnoll boudas
  4 iguanas
  11 orc wizards
  Robin (D:3)
  3 adders
  20 gnolls
  3 shadow imps (D:6)
  4 white imps
  An ufetubus (D:6)
  3 worms
  2 dart slugs (D:1)
  51 orcs
  5 ball pythons
  5 bats
  8 endoplasms
  3 giant cockroaches
  8 goblins
  10 hobgoblins
  6 jackals
  A quokka (D:4)
  2 frilled lizards
  A goblin skeleton (D:8)
  3 hobgoblin zombies (D:8)
  9 kobolds
  2 kobold zombies (D:8)
  4 orc zombies (D:8)
  3 rats
261 creatures vanquished.

Vanquished Creatures (others)
  A gnoll (D:7)
  303 foxfires
304 creatures vanquished.

Grand Total: 565 creatures vanquished

Notes
Turn   | Place    | Note
-------+----------+-------------------------------------------
     0 | D:1      | Eitelfritz the Demonspawn Fire Elementalist began the quest
                  | for the Orb.
     0 | D:1      | Reached XP level 1. HP: 13/13 MP: 3/3
   566 | D:1      | Found a faded altar of an unknown god.
   582 | D:1      | Gained mutation: You are partially covered in icy blue
                  | scales. (AC +2) [demonic ancestry]
   582 | D:1      | Reached XP level 2. HP: 7/19 MP: 0/5
   825 | D:1      | Learned a level 2 spell: Scorch
  1397 | D:2      | Found a basalt altar of Yredelemnul.
  1864 | D:2      | Reached XP level 3. HP: 15/24 MP: 0/6
  2408 | D:2      | Learned a level 3 spell: Conjure Flame
  2795 | D:3      | Reached XP level 4. HP: 30/30 MP: 4/7
  3341 | D:3      | Noticed Robin
  3357 | D:3      | Killed Robin
  4178 | D:3      | Identified 3 scrolls of acquirement
  4178 | D:3      | Acquired 853 gold pieces
  4182 | D:3      | Acquired the +7 lajatang of the Orb {flame, Will+}
  4335 | D:3      | Acquired the +3 warlock's mirror {reflect}
  4335 | D:3      | Found the +3 warlock's mirror {reflect}
  4581 | D:4      | Noticed a necrophage
  4590 | D:4      | Killed a necrophage
  4591 | D:4      | Gained mutation: You are partially covered in sharp spines.
                  | [demonic ancestry]
  4591 | D:4      | Reached XP level 5. HP: 36/36 MP: 1/9
  4917 | D:4      | Noticed an ogre
  4936 | D:4      | Killed an ogre
  4937 | D:4      | Reached skill level 1 in Staves
  4937 | D:4      | Gained mutation: You are mostly covered in sharp spines.
                  | [demonic ancestry]
  4937 | D:4      | Reached XP level 6. HP: 42/42 MP: 4/11
  5694 | D:5      | Entered Level 5 of the Dungeon
  5754 | D:5      | Reached skill level 1 in Fighting
  5754 | D:5      | Gained mutation: You have sharp fingernails. [demonic
                  | ancestry]
  5754 | D:5      | Reached XP level 7. HP: 48/48 MP: 10/12
  5822 | D:5      | Reached skill level 2 in Staves
  5982 | D:5      | Found a staircase to the Ecumenical Temple.
  6117 | D:5      | You fall into a shaft and drop 3 floors!
  6165 | D:8      | Found Daplam's Assorted Antiques.
  6188 | D:8      | Noticed a steam dragon
  6196 | D:8      | Killed a steam dragon
  6197 | D:8      | Reached skill level 3 in Staves
  6236 | D:8      | Bought a scroll labelled KUGECO QEMPIU for 29 gold pieces
  6262 | D:8      | Gained mutation: You are completely covered in sharp
                  | spines. [demonic ancestry]
  6262 | D:8      | Reached XP level 8. HP: 56/57 MP: 14/14
  6416 | D:8      | Learned a level 2 spell: Static Discharge
  6421 | D:8      | Learned a level 4 spell: Flame Wave
  6489 | D:8      | Reached skill level 5 in Fire Magic
  6714 | D:5      | Learned a level 2 spell: Blink
  6953 | D:6      | Reached skill level 4 in Staves
  7518 | D:6      | Reached skill level 5 in Spellcasting
  7568 | D:6      | Reached skill level 5 in Staves
  7568 | D:6      | Reached XP level 9. HP: 50/64 MP: 10/16
  8224 | D:7      | Reached skill level 6 in Staves
  8339 | Temple   | Entered the Ecumenical Temple
  8775 | Temple   | Learned a level 3 spell: Inner Flame
  8837 | Temple   | Became a worshipper of Vehumet
  8965 | D:7      | Identified the +0 war axe "Ligautt" {freeze, rElec rPois
                  | rF- Int+7}
  9661 | D:9      | Found Pangeq's Weapon Shoppe.
  9666 | D:9      | Noticed Grum
  9678 | D:9      | Reached XP level 10. HP: 70/73 MP: 13/19
  9687 | D:9      | Killed Grum
  9762 | D:9      | Reached skill level 7 in Staves
 10495 | D:9      | Reached * piety under Vehumet
 10495 | D:9      | Offered knowledge of Shock by Vehumet.
 10498 | D:9      | Reached skill level 5 in Fighting
 10500 | D:9      | Learned a level 1 spell: Shock
 10737 | D:10     | Entered Level 10 of the Dungeon
 10759 | D:10     | Found Naquiqemm's Neck Hole.
 10931 | D:10     | Learned a level 2 spell: Poisonous Vapours
 10989 | D:10     | Reached skill level 5 in Dodging
 11005 | D:10     | Noticed Gastronok
 11006 | D:10     | Noticed a two-headed ogre
 11007 | D:10     | Found a staircase to the Lair.
 11018 | D:10     | HP: 1/74 [two-headed ogre/+0 great mace (24)]
 11025 | D:10     | Killed a two-headed ogre
 11033 | D:10     | HP: 3/74 [Gastronok (21)]
 11036 | D:10     | Killed Gastronok
 11037 | D:10     | Reached skill level 8 in Staves
 11037 | D:10     | Reached skill level 1 in Armour
 11042 | D:10     | Gained mutation: Your demonic aura sometimes causes spilled
                  | blood to erupt in flames. [demonic ancestry]
 11042 | D:10     | Reached XP level 11. HP: 38/80 MP: 2/21
 11435 | D:10     | Reached ** piety under Vehumet
 11438 | D:10     | Reached skill level 1 in Air Magic
 11445 | D:10     | Offered knowledge of Sandblast by Vehumet.
 11465 | D:10     | Learned a level 4 spell: Sticky Flame
 11504 | D:10     | Found a staircase to the Orcish Mines.
 11912 | D:11     | Noticed a two-headed ogre
 11918 | D:11     | Killed a two-headed ogre
 11923 | D:11     | Noticed a boulder beetle
 11924 | D:11     | Noticed a two-headed ogre
 11934 | D:11     | Killed a boulder beetle
 11935 | D:11     | Slain by a two-headed ogre

Illustrated notes

Levels and vault maps discovered:
D:1:      wheals_arrival_linesprint, layout_basic, basic_ecumenical_altar
D:2:      layout_rooms, basic_altar
D:3:      layout_basic, uniq_robin
D:4:      layout_layer_cave
D:5:      layout_loops_ring, temple_pool_b
D:6:      minmay_polygon_palace, layout_basic, minmay_misc_feat_more_columns
D:7:      layout_rooms
D:8:      layout_basic, nicolae_tso_besieged_by_evil, serial_shops,
          nicolae_shop_advertising_works [nicolae_subvault_shop_adworks]
D:9:      layout_grid_maze, serial_shops, nicolae_shop_waterfront, uniq_grum
D:10:     layout_roguey, david_lair_generic, david_orc_5,
          hangedman_abyss_or_decor_passed, minmay_variable_closet,
          nicolae_shop_sticking_my_neck_out, uniq_gastronok
D:11:     layout_loops_corners, kennysheep_nondescript,
          chequers_serial_rivers_room_b, uniq_amaemon
Temple:   mainiacjoe_temple_trianglar_array

Skill      XL: |  1  2  3  4  5  6  7  8  9 10 11 |
---------------+----------------------------------+-----
Fire Magic     | 3 4 5 6 7 |  7.0
Dodging        | 2 3 4 5 |  5.6
Stealth        | 2 3 4 |  4.1
Spellcasting   | 3 4 5 6 7 |  7.6
Conjurations   | 2 3 4 |  4.8
Staves         | 1 3 5 6 8 |  8.4
Fighting       | 1 2 3 4 5 |  5.7
Armour         | 1 2 |  2.1
Air Magic      | 1 |  1.8
Unarmed Combat | |  0.1
Translocations | |  0.3
Poison Magic   | |  0.3

Action                   |  1- 3 |  4- 6 |  7- 9 | 10-12 || total
-------------------------+-------+-------+-------+-------++-------
Melee: Unarmed           |    38 |       |       |       ||    38
       Punch             |     1 |     1 |       |       ||     2
       Staff             |     5 |    13 |       |       ||    18
       Lajatang          |       |    29 |   123 |    60 ||   212
Throw: Dart              |       |     1 |       |       ||     1
 Cast: Foxfire           |    68 |    37 |    60 |     9 ||   174
       Scorch            |     2 |     6 |    19 |    21 ||    48
       Static Discharge  |       |       |    14 |     3 ||    17
       Flame Wave        |       |       |       |     5 ||     5
       Blink             |       |       |       |     1 ||     1
       Shock             |       |       |       |    30 ||    30
       Sticky Flame      |       |       |       |     1 ||     1
       Poisonous Vapours |       |       |       |     1 ||     1
  Use: Scroll            |       |    19 |     4 |     2 ||    25
       Potion            |       |       |       |     3 ||     3
 Stab: Sleeping          |       |     1 |     3 |       ||     4
Armor: Robe              |    30 |    27 |    41 |     6 ||   104
       Troll leather arm |       |       |       |    26 ||    26
Dodge: Dodged            |    55 |    47 |   118 |    76 ||   296
